 Dungeon Crawl Stone Soup version 0.30-a0-223-gcb0039aa0c (webtiles) character file.

Game seed: 6414944727591857851

20444 qw the Cleaver (level 12, -5/77 HPs)
             Began as a Gargoyle Fighter on Oct 9, 2022.
             Was a High Priest of Okawaru.
             Slain by a cane toad (12 damage)
             ... summoned by an orange crystal statue
             ... on level 2 of the Lair of Beasts.
             The game lasted 00:05:46 (11842 turns).

qw the Cleaver (Gargoyle Fighter)                  Turns: 11842, Time: 00:05:47

Health: -5/77      AC: 39    Str: 24    XL:     12   Next: 79%
Magic:  2/19       EV: 11    Int: -8 (10) God:    Okawaru [*****.]
Gold:   272        SH:  0    Dex:  9    Spells: 11/11 levels left

rFire   . . .      SeeInvis .    Y - +4 broad axe (protect)
rCold   + + .      Faith    .    c - +0 buckler
rNeg    + . .      Spirit   .    e - +0 plate armour
rPois   inf        Reflect  +    b - +0 helmet
rElec   +          Harm     .    n - +0 cloak
rCorr   .          Rampage  .    f - +2 pair of gloves
Will    .....                    o - +1 pair of boots of Eternity {*Corrode rElec rC+}
Stlth   ..........               p - amulet of reflection
HPRegen 0.32/turn                g - +4 ring of evasion
MPRegen 0.16/turn                B - ring of protection from cold

@: confused, under a protective aura, slowed, lost intelligence, unable to read,
very slow
A: sickness immunity, AC +8, negative energy resistance 1, electricity
resistance, torment resistance 1, petrification resistance
a: Renounce Religion, Heroism, Finesse, Duel


You were on level 2 of the Lair of Beasts.
You worshipped Okawaru.
Okawaru was extremely pleased with you.
You visited 3 branches of the dungeon, and saw 13 of its levels.
You also visited: Sewer.

You collected 664 gold pieces.
You spent 392 gold pieces at shops.


Innate Abilities, Weirdness & Mutations

You are immune to sickness and miasma.
Your stone body is resilient. (AC +8)
You are immune to poison.
You resist negative energy. (rN+)
You are resistant to electric shocks. (rElec)
You are resistant to unholy torment.
You are immune to petrification.


   Skills:
 - Level 10.0 Fighting
 - Level 12.0 Axes
 - Level 3.0 Throwing
 + Level 9.9 Armour
 - Level 2.5 Dodging
 - Level 6.3 Shields
 - Level 10.0 Invocations


You had 11 spell levels left.
You didn't know any spells.
Your spell library was empty.

Inventory:

Hand Weapons
 q - a +0 war axe of flaming
 Y - a +4 broad axe of protection (weapon)
Missiles
 r - 2 javelins (quivered)
Armour
 b - a +0 helmet (worn)
 c - a +0 buckler (worn)
 e - a +0 plate armour (worn)
 f - a +2 pair of gloves (worn)
 k - the +0 pair of gloves of Insecurity {-Tele rC+ Will++}
   (You acquired it on level 5 of the Dungeon)

   rC:        It protects you from cold.
   -Tele:     It prevents most forms of teleportation.
   Will:      It greatly increases your willpower.
 n - a +0 cloak (worn)
 o - the +1 pair of boots of Eternity (worn) {*Corrode rElec rC+}
   (You found it on level 6 of the Dungeon)

   rC:        It protects you from cold.
   rElec:     It insulates you from electricity.
   *Corrode:  It may corrode you when you take damage.
 w - +0 acid dragon scales
Jewellery
 g - a +4 ring of evasion (left hand)
 p - an amulet of reflection (around neck)
 u - a ring of ice
 x - a ring of resist corrosion
 y - the ring of Hem Mag {MP+9 Dex+3}
   (You found it on level 6 of the Dungeon)

   [ring of magical power]

   Dex:       It affects your dexterity (+3).
   MP:        It affects your magic capacity (+9).
 A - a ring of fire
 B - a ring of protection from cold (right hand)
Wands
 m - a wand of digging (6)
Scrolls
 l - 14 scrolls of identify
Potions
 a - 3 potions of haste
 d - 6 potions of might
 i - 2 potions of mutation
 j - 3 potions of lignification
 s - a potion of cancellation
 v - a potion of invisibility {unknown}
 z - a potion of attraction

Dungeon Overview and Level Annotations

Branches:
Dungeon (10/15)            Temple (1/1) D:5            Lair (2/5) D:10
 Spider (0/4) Lair:2          Orc (0/2) D:10          Sewer (visited)
  Swamp: Lair:2-3    Shoals: Lair:2-3

Altars:
Ashenzari
Cheibriados
Dithmenos
Elyvilon
Fedhas
Gozag
Hepliaklqana
Kikubaaqudgha
Makhleb
Nemelex Xobeh
Okawaru
Qazlal
Ru
Sif Muna
Trog
Uskayaw
Vehumet
Wu Jian
Xom
Yredelemnul
Zin
The Shining One

Shops:
D:1 (   D:4 (*=   D:5 *   D:9 =   D:10 *

Portals:
Bailey: D:8

Annotations:
D:10 3 runed translucent doors, qw's ghost, journeyman GrFi


Message History

You feel dopey. Something feeds on your intellect!
The cane toad barely misses you.
You slice the cane toad!!
Your weapon exudes an aura of protection.
The cane toad is heavily wounded.
You hit the black mamba. You closely miss the bullfrog.
The black mamba closely misses you.
The bullfrog hits you but does no damage.
The black mamba bites you but does no damage.
The cane toad stings you but does no damage.
The bullfrog misses you.
The black mamba bites you but does no damage.
The cane toad closely misses you.
You barely miss the cane toad.
The cane toad is heavily wounded.
You slash the black mamba! You miss the cane toad.
The black mamba bites you but does no damage. x2
The cane toad closely misses you.
The cane toad stings you but does no damage.
The black mamba bites you but does no damage.
The cane toad barely misses you.
You nearly stumble into some lava!
The black mamba bites you but does no damage.
The cane toad stings you but does no damage.
The cane toad closely misses you. The black mamba bites you!
The cane toad stings you!
You hit the cane toad.
The cane toad is severely wounded.
You hit the cane toad. You closely miss the black mamba.
The black mamba bites you but does no damage.
The cane toad closely misses you. The cane toad barely misses you.
The black mamba closely misses you.
The orange crystal statue fixes its piercing gaze on you.
Something tries to feed on your intellect!
The cane toad misses you. The cane toad stings you.
The black mamba bites you but does no damage.
You nearly stumble into some lava!
The black mamba bites you but does no damage.
The cane toad stings you!
You die...

#. ...# #.......P
###..... #........
.####P#.#..## #......#.
............# #.......#
............## ##.......
.............###........
............##......#...
....¤~~¤F...........##..
..~~.~¤@FF........#.# ..
.~~~.=~~S........#### ..
..~>~8¤¤~........####..
..~[.!~~~..............
..~¤.~~.............#.P#
..~¤~¤..................
....~.~..........##.#. .
.)............##...# #
.......................


You could see an orange crystal statue, a black mamba (summoned), 2 cane toads
and a bullfrog (summoned).

Vanquished Creatures
  Erolcha (D:9)
  2 boulder beetles
  6 death yaks (Lair:1)
  Erica (D:8)
  A two-headed ogre (D:10)
  Amaemon (D:9)
  Pikel (D:6)
  A black mamba (Lair:1)
  4 cane toads
  Maggie (D:8)
  An orange demon (D:9)
  2 komodo dragons
  3 trolls
  A hornet (D:9)
  Prince Ribbit (D:6)
  Sigmund (D:2)
  2 wraiths
  Eustachio (D:5)
  26 yaks
  4 wyverns (D:10)
  A basilisk (D:10)
  2 steam dragons
  Menkaure (D:5)
  An acid dragon (D:10)
  Duvessa (D:4)
  9 water moccasins
  An orc warrior (D:7)
  3 sky beasts
  2 ice beasts (D:6)
  A black bear (D:7)
  An ogre (D:7)
  3 phantoms
  A lemure (D:6)
  2 kobold brigands
  4 bullfrogs
  Blork the orc (D:5)
  A necrophage (D:7)
  2 gnoll sergeants
  4 scorpions
  Dowan (D:4)
  4 killer bees (D:10)
  3 lava snakes (Lair:2)
  4 hounds
  A jelly (D:5)
  An orc priest (D:6)
  Jessica (D:3)
  Ijyb (D:3)
  An iguana (D:10)
  5 orc wizards
  Robin (D:2)
  12 gnolls
  7 river rats
  14 adders
  A white imp (D:7)
  3 ufetubi
  5 worms
  36 orcs
  11 ball pythons
  4 bats
  9 endoplasms
  4 giant cockroaches
  10 hobgoblins
  8 jackals
  17 kobolds
  5 quokkas
  4 frilled lizards
  21 goblins
  11 rats
307 creatures vanquished.

Vanquished Creatures (others)
  2 fungi
  12 plants
14 creatures vanquished.

Grand Total: 321 creatures vanquished

Notes
Turn   | Place    | Note
-------+----------+-------------------------------------------
     0 | D:1      | qw the Gargoyle Fighter began the quest for the Orb.
     0 | D:1      | Reached XP level 1. HP: 14/14 MP: 1/1
     0 | D:1      | 0 ||| qw: Version: 0.2-a-17-g06abaee
     0 | D:1      | 0 ||| qw: Game counter: 2199
     0 | D:1      | 0 ||| qw: Always use a shield: true
     0 | D:1      | 0 ||| qw: God list: Okawaru
     0 | D:1      | 0 ||| qw: Allow faded altars: false
     0 | D:1      | 0 ||| qw: Do Orc after D:15 true
     0 | D:1      | 0 ||| qw: Do second Lair branch before Depths: true
     0 | D:1      | 0 ||| qw: Lair rune preference: random
     0 | D:1      | 0 ||| qw: Plans: Normal, Zot:1-4, God:TSO, Crypt, Tomb,
                  | Pan, Slime:5, Hells, Abyss, Orb
     0 | D:1      | 0 ||| PLANNING D:1-11
    54 | D:1      | Reached skill level 2 in Axes
    82 | D:1      | Reached XP level 2. HP: 19/19 MP: 2/2
   113 | D:1      | 113 ||| Stepping ~*~*~tactically~*~*~ (stealth).
   184 | D:1      | 184 ||| DROPPING +0 club.
   250 | D:1      | Reached skill level 3 in Axes
   291 | D:1      | Found Maryank's Weapon Boutique.
   298 | D:1      | 298 ||| SHOPLISTING +7 mace "Yphim" {vorpal, Str+7 Int+6}
                  | (1033 gold, have 9).
   303 | D:1      | Reached XP level 3. HP: 23/23 MP: 3/3
   553 | D:1      | 553 ||| UPGRADING to +0 plate armour.
   563 | D:1      | 563 ||| DROPPING +0 scale mail.
   564 | D:1      | 564 ||| UPGRADING to +0 pair of gloves.
   569 | D:1      | 569 ||| UPGRADING to +4 ring of evasion.
   570 | D:1      | 570 ||| READING scroll labelled HUSHIK QEMOYMO.
   571 | D:1      | 571 ||| READING scroll labelled SIJUIJ KACW.
   572 | D:1      | 572 ||| READING 2 scrolls labelled DACSYDAO ACVO.
   573 | D:1      | 573 ||| READING scroll labelled ODYTZO PALU PADO.
   634 | D:2      | 634 ||| STAIRDANCE
   641 | D:2      | 641 ||| STAIRDANCE
   650 | D:2      | 650 ||| STAIRDANCE
   760 | D:2      | 760 ||| Stepping ~*~*~tactically~*~*~ (hiding).
   761 | D:2      | 761 ||| Stepping ~*~*~tactically~*~*~ (hiding).
   762 | D:2      | 762 ||| Stepping ~*~*~tactically~*~*~ (hiding).
   772 | D:2      | Noticed Robin
   773 | D:2      | Reached XP level 4. HP: 28/28 MP: 4/4
   773 | D:2      | 773 ||| Stepping ~*~*~tactically~*~*~ (hiding).
   774 | D:2      | 774 ||| Stepping ~*~*~tactically~*~*~ (hiding).
   784 | D:2      | Killed Robin
   785 | D:2      | Reached skill level 4 in Axes
   797 | D:2      | 797 ||| DROPPING +0 whip.
   798 | D:2      | 798 ||| Stepping ~*~*~tactically~*~*~ (stealth).
   808 | D:2      | 808 ||| READING scroll of brand weapon.
   808 | D:2      | 808 ||| BRANDING +0 war axe of electrocution.
   809 | D:2      | 809 ||| DROPPING +2 antimagic mace.
   970 | D:2      | Noticed Sigmund
   971 | D:2      | 971 ||| Stepping ~*~*~tactically~*~*~ (hiding).
   994 | D:2      | HP: 3/28 [something (7)]
  1003 | D:2      | Killed Sigmund
  1004 | D:2      | Reached skill level 5 in Axes
  1004 | D:2      | Reached XP level 5. HP: 7/32 MP: 5/5
  1004 | D:2      | Reached XP level 6. HP: 8/37 MP: 6/6
  1030 | D:2      | 1030 ||| FLEEEEING.
  1031 | D:2      | 1031 ||| FLEEEEING.
  1032 | D:2      | 1032 ||| FLEEEEING.
  1033 | D:2      | 1033 ||| FLEEEEING.
  1034 | D:2      | 1034 ||| FLEEEEING.
  1035 | D:2      | 1035 ||| FLEEEEING.
  1036 | D:2      | 1036 ||| FLEEEEING.
  1037 | D:2      | 1037 ||| FLEEEEING.
  1038 | D:2      | 1038 ||| FLEEEEING.
  1039 | D:2      | 1039 ||| FLEEEEING.
  1040 | D:2      | 1040 ||| FLEEEEING.
  1041 | D:2      | 1041 ||| FLEEEEING.
  1042 | D:2      | 1042 ||| FLEEEEING.
  1043 | D:2      | 1043 ||| FLEEEEING.
  1044 | D:2      | 1044 ||| FLEEEEING.
  1045 | D:2      | 1045 ||| FLEEEEING.
  1046 | D:2      | 1046 ||| FLEEEEING.
  1047 | D:2      | 1047 ||| FLEEEEING.
  1048 | D:2      | 1048 ||| FLEEEEING.
  1049 | D:2      | 1049 ||| FLEEEEING.
  1050 | D:2      | 1050 ||| FLEEEEING.
  1051 | D:2      | 1051 ||| FLEEEEING.
  1052 | D:2      | 1052 ||| FLEEEEING.
  1053 | D:2      | 1053 ||| FLEEEEING.
  1054 | D:2      | 1054 ||| FLEEEEING.
  1055 | D:2      | 1055 ||| FLEEEEING.
  1056 | D:2      | 1056 ||| FLEEEEING.
  1057 | D:2      | 1057 ||| FLEEEEING.
  1060 | D:2      | 1060 ||| FLEEEEING.
  1061 | D:2      | 1061 ||| FLEEEEING.
  1062 | D:2      | 1062 ||| FLEEEEING.
  1063 | D:2      | 1063 ||| FLEEEEING.
  1064 | D:2      | 1064 ||| FLEEEEING.
  1065 | D:2      | 1065 ||| FLEEEEING.
  1066 | D:2      | 1066 ||| FLEEEEING.
  1067 | D:2      | 1067 ||| FLEEEEING.
  1068 | D:2      | 1068 ||| FLEEEEING.
  1069 | D:2      | 1069 ||| FLEEEEING.
  1074 | D:2      | 1074 ||| FLEEEEING.
  1075 | D:2      | 1075 ||| FLEEEEING.
  1076 | D:2      | 1076 ||| FLEEEEING.
  1077 | D:2      | 1077 ||| FLEEEEING.
  1078 | D:2      | 1078 ||| FLEEEEING.
  1079 | D:2      | 1079 ||| FLEEEEING.
  1080 | D:2      | 1080 ||| FLEEEEING.
  1081 | D:2      | 1081 ||| FLEEEEING.
  1082 | D:2      | 1082 ||| FLEEEEING.
  1083 | D:2      | 1083 ||| FLEEEEING.
  1084 | D:2      | 1084 ||| FLEEEEING.
  1085 | D:2      | 1085 ||| FLEEEEING.
  1086 | D:2      | 1086 ||| FLEEEEING.
  1087 | D:2      | 1087 ||| STAIRDANCE
  1115 | D:1      | 1115 ||| UPGRADING to +0 helmet.
  1120 | D:1      | 1120 ||| READING scroll labelled OREADDOITU.
  1121 | D:1      | 1121 ||| READING scroll labelled SOUBYCHAMU.
  1136 | D:2      | Found a snail-covered altar of Cheibriados.
  1831 | D:2      | Found a faded altar of an unknown god.
  1835 | D:2      | 1835 ||| READING scroll labelled HACUSAORIH.
  1836 | D:2      | 1836 ||| DRINKING 2 brown potions.
  1837 | D:2      | 1837 ||| READING 7 scrolls of identify.
  1837 | D:2      | 1837 ||| IDENTIFYING amethyst potion
  1838 | D:2      | 1838 ||| READING 6 scrolls of identify.
  1838 | D:2      | 1838 ||| IDENTIFYING fizzy coppery potion
  1839 | D:2      | 1839 ||| READING 5 scrolls of identify.
  1839 | D:2      | 1839 ||| IDENTIFYING ruby potion
  1840 | D:2      | 1840 ||| READING 4 scrolls of identify.
  1840 | D:2      | 1840 ||| IDENTIFYING fuming purple potion
  1841 | D:2      | 1841 ||| DROPPING potion of berserk rage.
  1904 | D:3      | 1904 ||| STAIRDANCE
  1911 | D:3      | 1911 ||| STAIRDANCE
  1946 | D:3      | Noticed Ijyb
  1947 | D:3      | 1947 ||| Stepping ~*~*~tactically~*~*~ (stealth).
  1951 | D:3      | 1951 ||| Stepping ~*~*~tactically~*~*~ (stealth).
  1953 | D:3      | 1953 ||| Stepping ~*~*~tactically~*~*~ (stealth).
  1954 | D:3      | 1954 ||| Stepping ~*~*~tactically~*~*~ (stealth).
  1956 | D:3      | 1956 ||| Stepping ~*~*~tactically~*~*~ (stealth).
  1963 | D:3      | 1963 ||| Stepping ~*~*~tactically~*~*~ (stealth).
  1965 | D:3      | 1965 ||| Stepping ~*~*~tactically~*~*~ (stealth).
  1987 | D:3      | Killed Ijyb
  2038 | D:3      | 2038 ||| SWAPPING to +3 vorpal war axe.
  2073 | D:3      | Noticed Jessica
  2088 | D:3      | Killed Jessica
  2225 | D:3      | 2225 ||| Stepping ~*~*~tactically~*~*~ (stealth).
  2227 | D:3      | 2227 ||| Stepping ~*~*~tactically~*~*~ (stealth).
  2404 | D:3      | 2404 ||| READING scroll labelled KANAUMMEMUJ.
  2405 | D:3      | 2405 ||| DRINKING 3 bubbling white potions.
  2506 | D:3      | 2506 ||| DRINKING 3 pink potions.
  2507 | D:3      | 2507 ||| DRINKING 2 green potions.
  2508 | D:3      | 2508 ||| DROPPING 2 potions of ambrosia.
  2509 | D:3      | 2509 ||| DROPPING 2 potions of flight.
  2510 | D:3      | 2510 ||| DROPPING potion of magic.
  2575 | D:4      | 2575 ||| Stepping ~*~*~tactically~*~*~ (hiding).
  2587 | D:4      | 2587 ||| Stepping ~*~*~tactically~*~*~ (stealth).
  2599 | D:4      | Found a bloodstained altar of Trog.
  2603 | D:4      | Found Unontimo's Assorted Antiques.
  2611 | D:4      | 2611 ||| BUYING scroll of identify (66 gold).
  2611 | D:4      | Bought a scroll of identify for 66 gold pieces
  2627 | D:4      | Reached skill level 6 in Axes
  2866 | D:4      | Reached XP level 7. HP: 39/43 MP: 7/7
  2901 | D:4      | Found Noeguyb's Jewellery Shoppe.
  2908 | D:4      | 2908 ||| SHOPLISTING +6 ring of dexterity (432 gold, have
                  | 40).
  2908 | D:4      | 2908 ||| SHOPLISTING amulet of reflection (360 gold, have
                  | 40).
  2908 | D:4      | 2908 ||| SHOPLISTING ring of Tops {rCorr Dex+6} (583 gold,
                  | have 40).
  2908 | D:4      | 2908 ||| SHOPLISTING ring of positive energy (240 gold,
                  | have 40).
  2908 | D:4      | 2908 ||| SHOPLISTING ring of protection from cold (300
                  | gold, have 40).
  2908 | D:4      | 2908 ||| SHOPLISTING ring of protection from fire (300
                  | gold, have 40).
  2947 | D:4      | Found a hazy altar of Hepliaklqana.
  2990 | D:4      | Found Ofeogeaj's Antique Weapon Shop.
  3044 | D:4      | Noticed Duvessa
  3045 | D:4      | Noticed Dowan
  3046 | D:4      | 3046 ||| Stepping ~*~*~tactically~*~*~ (hiding).
  3047 | D:4      | 3047 ||| Stepping ~*~*~tactically~*~*~ (hiding).
  3052 | D:4      | Killed Duvessa
  3055 | D:4      | Killed Dowan
  3128 | D:4      | Found a shimmering blue altar of Sif Muna.
  3147 | D:4      | Reached skill level 7 in Axes
  3210 | D:4      | Found a basalt altar of Yredelemnul.
  3210 | D:4      | Found a shimmering altar of Xom.
  3216 | D:4      | Found a glowing golden altar of the Shining One.
  3218 | D:4      | Found a broken altar of Ashenzari.
  3219 | D:4      | Found a sacrificial altar of Ru.
  3221 | D:4      | Found a blossoming altar of Fedhas.
  3226 | D:4      | Found a white marble altar of Elyvilon.
  3347 | D:4      | 3347 ||| UPGRADING to +0 cloak.
  3352 | D:4      | 3352 ||| READING scroll labelled MIZ WAARACZU.
  3356 | D:4      | 3356 ||| READING scroll labelled MARUILL INEWU.
  3356 | D:4      | Identified a scroll of acquirement
  3356 | D:4      | 3356 ||| ACQUIRING +2 vorpal broad axe
  3356 | D:4      | Acquired a +2 vorpal broad axe
  3358 | D:4      | 3358 ||| SWAPPING to +2 vorpal broad axe.
  3359 | D:4      | 3359 ||| DROPPING +3 vorpal war axe.
  3414 | D:5      | Entered Level 5 of the Dungeon
  3424 | D:5      | Noticed Eustachio
  3477 | D:5      | Killed Eustachio
  3478 | D:5      | Reached XP level 8. HP: 31/49 MP: 8/8
  3548 | D:5      | Found Fetzec's General Store.
  3570 | D:5      | 3570 ||| BUYING scroll of identify (26 gold).
  3570 | D:5      | Bought a scroll of identify for 26 gold pieces
  3570 | D:5      | 3570 ||| SHOPLISTING scroll of teleportation (39 gold, have
                  | 30).
  3578 | D:5      | Found a staircase to the Ecumenical Temple.
  3579 | D:5      | 3579 ||| PLANNING TEMPLE
  3579 | D:5      | 3579 ||| READING scroll labelled LEFEIL ETEDANK.
  3580 | D:5      | 3580 ||| READING scroll labelled MAK OSTEQIKEDA.
  3589 | Temple   | Entered the Ecumenical Temple
  3589 | Temple   | Found a transporter.
  3589 | Temple   | Found a transporter.
  3591 | Temple   | Found a transporter.
  3591 | Temple   | Found a transporter.
  3601 | Temple   | 3601 ||| PLANNING D:1-11
  3662 | Temple   | 3662 ||| PLANNING OKAWARU WORSHIP
  3665 | Temple   | Became a worshipper of Warmaster Okawaru
  3666 | Temple   | 3666 ||| PLANNING D:1-11
  3690 | D:5      | 3690 ||| Stepping ~*~*~tactically~*~*~ (stealth).
  3703 | D:5      | Noticed Blork the orc
  3703 | D:5      | Noticed Menkaure
  3704 | D:5      | 3704 ||| Stepping ~*~*~tactically~*~*~ (hiding).
  3705 | D:5      | 3705 ||| Stepping ~*~*~tactically~*~*~ (hiding).
  3706 | D:5      | 3706 ||| Stepping ~*~*~tactically~*~*~ (hiding).
  3708 | D:5      | 3708 ||| Stepping ~*~*~tactically~*~*~ (hiding).
  3717 | D:5      | Killed Blork the orc
  3733 | D:5      | Reached skill level 1 in Dodging
  3738 | D:5      | Killed Menkaure
  3854 | D:5      | 3854 ||| READING scroll of acquirement.
  3854 | D:5      | 3854 ||| ACQUIRING +0 pair of gloves of Insecurity {-Tele
                  | rC+ Will++}
  3854 | D:5      | Acquired the +0 pair of gloves of Insecurity {-Tele rC+
                  | Will++}
  3856 | D:5      | 3856 ||| READING scroll of brand weapon.
  3856 | D:5      | 3856 ||| BRANDING +2 vorpal broad axe.
  4078 | D:5      | Reached * piety under Okawaru
  4130 | D:5      | 4130 ||| READING scroll labelled FEIB COAWOR.
  4144 | D:6      | 4144 ||| PLANNING SEWER
  4151 | D:6      | Identified the +1 pair of boots of Eternity {*Corrode rElec
                  | rC+}
  4165 | D:6      | Reached skill level 1 in Invocations
  4168 | D:6      | 4168 ||| INVOKING Heroism.
  4205 | D:6      | 4205 ||| FLEEEEING.
  4206 | D:6      | 4206 ||| FLEEEEING.
  4207 | D:6      | 4207 ||| FLEEEEING.
  4208 | D:6      | 4208 ||| FLEEEEING.
  4209 | D:6      | 4209 ||| FLEEEEING.
  4210 | D:6      | 4210 ||| FLEEEEING.
  4211 | D:6      | 4211 ||| FLEEEEING.
  4219 | D:6      | 4219 ||| STAIRDANCE
  4235 | D:5      | 4235 ||| UPGRADING to +1 pair of boots of Eternity
                  | {*Corrode rElec rC+}.
  4327 | D:6      | 4327 ||| Stepping ~*~*~tactically~*~*~ (stealth).
  4329 | D:6      | 4329 ||| INVOKING Heroism.
  4348 | D:6      | Found a glowing drain.
  4357 | Sewer    | Entered a sewer
  4385 | Sewer    | 4385 ||| INVOKING Heroism.
  4391 | Sewer    | 4391 ||| Stepping ~*~*~tactically~*~*~ (stealth).
  4393 | Sewer    | 4393 ||| Stepping ~*~*~tactically~*~*~ (stealth).
  4396 | Sewer    | 4396 ||| Stepping ~*~*~tactically~*~*~ (stealth).
  4427 | Sewer    | 4427 ||| Stepping ~*~*~tactically~*~*~ (water).
  4443 | Sewer    | 4443 ||| Stepping ~*~*~tactically~*~*~ (stealth).
  4446 | Sewer    | 4446 ||| Stepping ~*~*~tactically~*~*~ (stealth).
  4449 | Sewer    | 4449 ||| Stepping ~*~*~tactically~*~*~ (stealth).
  4450 | Sewer    | 4450 ||| Stepping ~*~*~tactically~*~*~ (stealth).
  4553 | Sewer    | Reached skill level 3 in Invocations
  4701 | Sewer    | 4701 ||| Stepping ~*~*~tactically~*~*~ (water).
  4946 | Sewer    | 4946 ||| READING 10 scrolls of identify.
  4946 | Sewer    | 4946 ||| IDENTIFYING murky purple potion
  4978 | D:6      | 4978 ||| PLANNING D:1-11
  5058 | D:6      | Reached skill level 8 in Axes
  5117 | D:6      | Noticed Prince Ribbit
  5118 | D:6      | 5118 ||| INVOKING Heroism.
  5123 | D:6      | Killed Prince Ribbit
  5124 | D:6      | Reached XP level 9. HP: 44/54 MP: 8/12
  5158 | D:6      | 5158 ||| Stepping ~*~*~tactically~*~*~ (hiding).
  5165 | D:6      | 5165 ||| INVOKING Heroism.
  5168 | D:6      | 5168 ||| DRINKING 2 potions of curing.
  5168 | D:6      | 5168 ||| (to cure confusion)
  5176 | D:6      | 5176 ||| Stepping ~*~*~tactically~*~*~ (stealth).
  5180 | D:6      | 5180 ||| Stepping ~*~*~tactically~*~*~ (stealth).
  5211 | D:6      | 5211 ||| Stepping ~*~*~tactically~*~*~ (hiding).
  5235 | D:6      | 5235 ||| INVOKING Heroism.
  5237 | D:6      | Reached skill level 6 in Fighting
  5359 | D:6      | Reached ** piety under Okawaru
  5360 | D:6      | Reached skill level 6 in Armour
  5455 | D:6      | Identified the ring of Hem Mag {MP+9 Dex+3}
  5574 | D:6      | Noticed Pikel
  5575 | D:6      | 5575 ||| INVOKING Heroism.
  5576 | D:6      | 5576 ||| Stepping ~*~*~tactically~*~*~ (stealth).
  5585 | D:6      | Killed Pikel
  5586 | D:6      | Reached skill level 9 in Axes
  5818 | D:6      | Found an ornate altar of the Wu Jian Council.
  5895 | D:6      | 5895 ||| UPGRADING to ring of resist corrosion.
  5896 | D:6      | 5896 ||| UPGRADING to ring of Hem Mag {MP+9 Dex+3}.
  5950 | D:6      | 5950 ||| DRINKING 2 cyan potions.
  6008 | D:7      | 6008 ||| READING scroll of brand weapon.
  6008 | D:7      | 6008 ||| BRANDING +3 broad axe of chaos.
  6039 | D:7      | 6039 ||| INVOKING Heroism.
  6057 | D:7      | Reached *** piety under Okawaru
  6106 | D:7      | 6106 ||| INVOKING Heroism.
  6112 | D:7      | Reached XP level 10. HP: 63/63 MP: 13/13
  6231 | D:7      | 6231 ||| READING scroll of enchant armour.
  6231 | D:7      | 6231 ||| ENCHANTING +0 pair of gloves.
  6441 | D:7      | 6441 ||| READING 12 scrolls of identify.
  6441 | D:7      | 6441 ||| IDENTIFYING bubbling purple potion
  6442 | D:7      | 6442 ||| DROPPING potion of degeneration.
  6478 | D:8      | 6478 ||| INVOKING Heroism.
  6479 | D:8      | Noticed Maggie
  6480 | D:8      | 6480 ||| Stepping ~*~*~tactically~*~*~ (hiding).
  6481 | D:8      | 6481 ||| Stepping ~*~*~tactically~*~*~ (hiding).
  6482 | D:8      | 6482 ||| Stepping ~*~*~tactically~*~*~ (hiding).
  6483 | D:8      | 6483 ||| Stepping ~*~*~tactically~*~*~ (hiding).
  6506 | D:8      | Killed Maggie
  6506 | D:8      | Reached **** piety under Okawaru
  6563 | D:8      | Found a flagged portal.
  6595 | D:8      | 6595 ||| Stepping ~*~*~tactically~*~*~ (stealth).
  6597 | D:8      | 6597 ||| Stepping ~*~*~tactically~*~*~ (stealth).
  6632 | D:8      | Reached skill level 10 in Axes
  6671 | D:8      | Noticed Erica
  6678 | D:8      | 6678 ||| Stepping ~*~*~tactically~*~*~ (stealth).
  6681 | D:8      | 6681 ||| FLEEEEING.
  6682 | D:8      | 6682 ||| FLEEEEING.
  6683 | D:8      | 6683 ||| FLEEEEING.
  6685 | D:8      | 6685 ||| FLEEEEING.
  6696 | D:8      | 6696 ||| FLEEEEING.
  6697 | D:8      | 6697 ||| FLEEEEING.
  6698 | D:8      | 6698 ||| FLEEEEING.
  6699 | D:8      | 6699 ||| FLEEEEING.
  6700 | D:8      | 6700 ||| FLEEEEING.
  6701 | D:8      | 6701 ||| FLEEEEING.
  6710 | D:8      | 6710 ||| STAIRDANCE
  6745 | D:7      | 6745 ||| READING scroll labelled ALESA WOFAGO.
  6748 | D:8      | 6748 ||| INVOKING Heroism.
  6751 | D:8      | Killed Erica
  6951 | D:9      | 6951 ||| READING scroll of enchant armour.
  6951 | D:9      | 6951 ||| ENCHANTING +1 pair of gloves.
  6973 | D:9      | 6973 ||| INVOKING Heroism.
  7128 | D:9      | Noticed Erolcha
  7152 | D:9      | HP: 16/64 [something (27)]
  7157 | D:9      | 7157 ||| Stepping ~*~*~tactically~*~*~ (hiding).
  7158 | D:9      | 7158 ||| INVOKING Heroism.
  7165 | D:9      | Killed Erolcha
  7347 | D:9      | 7347 ||| INVOKING Heroism.
  7356 | D:9      | Reached skill level 6 in Invocations
  7514 | D:9      | 7514 ||| READING scroll of enchant weapon.
  7514 | D:9      | 7514 ||| ENCHANTING +3 broad axe of protection.
  7519 | D:9      | Noticed Amaemon
  7519 | D:9      | Noticed an orange demon
  7520 | D:9      | 7520 ||| Stepping ~*~*~tactically~*~*~ (hiding).
  7522 | D:9      | 7522 ||| INVOKING Heroism.
  7535 | D:9      | Killed Amaemon
  7535 | D:9      | Reached ***** piety under Okawaru
  7536 | D:9      | Reached XP level 11. HP: 46/69 MP: 16/16
  7615 | D:9      | Found Voppehih's Jewellery Emporium.
  7629 | D:9      | 7629 ||| SHOPLISTING +4 ring of protection (432 gold, have
                  | 345).
  7629 | D:9      | 7629 ||| SHOPLISTING amulet of regeneration (360 gold, have
                  | 345).
  7629 | D:9      | 7629 ||| BUYING ring of fire (300 gold).
  7629 | D:9      | Bought a ring of fire for 300 gold pieces
  7629 | D:9      | 7629 ||| SHOPLISTING ring of see invisible (180 gold, have
                  | 45).
  7671 | D:9      | 7671 ||| INVOKING Heroism.
  7780 | D:9      | Found a hide-covered altar of Uskayaw.
  7781 | D:9      | 7781 ||| INVOKING Heroism.
  8038 | D:9      | 8038 ||| UPGRADING to ring of protection from cold.
  8040 | D:9      | 8040 ||| READING scroll labelled IRYPPE TEMEQINT.
  8041 | D:9      | 8041 ||| READING 14 scrolls of identify.
  8041 | D:9      | 8041 ||| IDENTIFYING fuming grey potion
  8055 | D:10     | Entered Level 10 of the Dungeon
  8058 | D:10     | 8058 ||| Stepping ~*~*~tactically~*~*~ (hiding).
  8059 | D:10     | 8059 ||| Stepping ~*~*~tactically~*~*~ (hiding).
  8065 | D:10     | 8065 ||| INVOKING Heroism.
  8110 | D:10     | Noticed an orange crystal statue
  8111 | D:10     | 8111 ||| Stepping ~*~*~tactically~*~*~ (stealth).
  8114 | D:10     | 8114 ||| INVOKING Heroism.
  8116 | D:10     | 8116 ||| INVOKING Finesse.
  8117 | D:10     | 8117 ||| DRINKING 2 potions of curing.
  8117 | D:10     | 8117 ||| (to cure confusion)
  8133 | D:10     | 8133 ||| DRINKING potion of curing.
  8133 | D:10     | 8133 ||| (to cure confusion)
  8175 | D:10     | 8175 ||| INVOKING Heroism.
  8304 | D:10     | 8304 ||| INVOKING Heroism.
  8305 | D:10     | 8305 ||| INVOKING Finesse.
  8331 | D:10     | 8331 ||| INVOKING Heroism.
  8395 | D:10     | 8395 ||| FLEEEEING.
  8396 | D:10     | 8396 ||| FLEEEEING.
  8404 | D:10     | 8404 ||| Stepping ~*~*~tactically~*~*~ (stealth).
  8405 | D:10     | 8405 ||| INVOKING Heroism.
  8615 | D:10     | 8615 ||| INVOKING Heroism.
  8697 | D:10     | Found a staircase to the Orcish Mines.
  8790 | D:10     | Noticed a two-headed ogre
  8791 | D:10     | 8791 ||| INVOKING Heroism.
  8792 | D:10     | 8792 ||| Stepping randomly (stuck).
  8799 | D:10     | Killed a two-headed ogre
  8847 | D:10     | 8847 ||| Stepping ~*~*~tactically~*~*~ (hiding).
  8942 | D:10     | 8942 ||| INVOKING Heroism.
  8946 | D:10     | 8946 ||| Stepping ~*~*~tactically~*~*~ (hiding).
  8967 | D:10     | Reached skill level 11 in Axes
  8967 | D:10     | Reached skill level 9 in Invocations
  8971 | D:10     | HP: 16/69 [troll (12)]
  8972 | D:10     | 8972 ||| READING scroll of teleportation.
  8973 | D:10     | 8973 ||| DRINKING 2 potions of heal wounds.
  8976 | D:10     | Found Ycaaxtu's Mayhem Merchandise.
  9012 | D:10     | 9012 ||| INVOKING Heroism.
  9163 | D:10     | 9163 ||| INVOKING Heroism.
  9277 | D:10     | Found a stormy altar of Qazlal.
  9393 | D:10     | Found a staircase to the Lair.
  9525 | D:10     | Found a runed translucent gate.
  9525 | D:10     | Found a runed translucent gate.
  9525 | D:10     | Found a runed translucent gate.
  9526 | D:10     | Noticed qw's ghost (journeyman GrFi)
  9608 | D:10     | 9608 ||| PLANNING LAIR
  9666 | Lair:1   | Entered Level 1 of the Lair of Beasts
  9677 | Lair:1   | 9677 ||| INVOKING Heroism.
  9727 | Lair:1   | Reached skill level 9 in Fighting
  9943 | Lair:1   | Noticed a death yak
  9944 | Lair:1   | 9944 ||| INVOKING Heroism.
  9945 | Lair:1   | 9945 ||| INVOKING Finesse.
  9957 | Lair:1   | Killed a death yak
  9958 | Lair:1   | Reached XP level 12. HP: 68/76 MP: 12/19
 10000 | Lair:1   | Noticed a death yak
 10000 | Lair:1   | Noticed a death yak
 10001 | Lair:1   | 10001 ||| INVOKING Heroism.
 10001 | Lair:1   | Noticed a death yak
 10002 | Lair:1   | 10002 ||| INVOKING Finesse.
 10003 | Lair:1   | Noticed a death yak
 10004 | Lair:1   | Noticed a death yak
 10016 | Lair:1   | Killed a death yak
 10017 | Lair:1   | Reached skill level 9 in Armour
 10021 | Lair:1   | Killed a death yak
 10024 | Lair:1   | Killed a death yak
 10030 | Lair:1   | Killed a death yak
 10030 | Lair:1   | Killed a death yak
 10273 | Lair:1   | 10273 ||| Stepping ~*~*~tactically~*~*~ (stealth).
 10277 | Lair:1   | 10277 ||| Stepping ~*~*~tactically~*~*~ (stealth).
 10282 | Lair:1   | 10282 ||| INVOKING Heroism.
 10289 | Lair:1   | Reached skill level 12 in Axes
 10298 | Lair:1   | Noticed a boulder beetle
 10299 | Lair:1   | 10299 ||| INVOKING Finesse.
 10301 | Lair:1   | Received a gift from Okawaru
 10317 | Lair:1   | Killed a boulder beetle
 10318 | Lair:1   | Reached skill level 6 in Shields
 10429 | Lair:1   | 10429 ||| Stepping ~*~*~tactically~*~*~ (stealth).
 10436 | Lair:1   | 10436 ||| INVOKING Heroism.
 10445 | Lair:1   | Received a gift from Okawaru
 10446 | Lair:1   | Reached skill level 3 in Throwing
 10904 | Lair:1   | 10904 ||| DROPPING +6 ring of intelligence.
 10937 | Lair:2   | 10937 ||| INVOKING Heroism.
 10952 | Lair:2   | 10952 ||| READING scroll of acquirement.
 10952 | Lair:2   | 10952 ||| ACQUIRING amulet of reflection
 10952 | Lair:2   | Acquired an amulet of reflection
 10954 | Lair:2   | 10954 ||| UPGRADING to amulet of reflection.
 11020 | Lair:2   | Noticed a boulder beetle
 11021 | Lair:2   | 11021 ||| INVOKING Heroism.
 11022 | Lair:2   | 11022 ||| INVOKING Finesse.
 11047 | Lair:2   | Killed a boulder beetle
 11084 | Lair:2   | Found a hole to the Spider Nest.
 11091 | Lair:2   | 11091 ||| Stepping ~*~*~tactically~*~*~ (stealth).
 11238 | Lair:2   | 11238 ||| Stepping ~*~*~tactically~*~*~ (stealth).
 11342 | Lair:2   | 11342 ||| INVOKING Heroism.
 11343 | Lair:2   | 11343 ||| INVOKING Finesse.
 11376 | Lair:2   | Noticed a catoblepas
 11414 | Lair:2   | 11414 ||| DRINKING potion of curing.
 11414 | Lair:2   | 11414 ||| (to cure confusion)
 11428 | Lair:2   | 11428 ||| INVOKING Heroism.
 11439 | Lair:2   | HP: 3/77 [komodo dragon[an orange crystal statue] (19)]
 11440 | Lair:2   | 11440 ||| DRINKING potion of heal wounds.
 11653 | Lair:2   | 11653 ||| INVOKING Heroism.
 11654 | Lair:2   | 11654 ||| INVOKING Finesse.
 11741 | Lair:2   | Lost intelligence.
 11757 | Lair:2   | 11757 ||| INVOKING Heroism.
 11840 | Lair:2   | HP: 18/77 [black mamba[an orange crystal statue] (12)]
 11841 | Lair:2   | HP: 7/77 [cane toad[an orange crystal statue] (5)]
 11842 | Lair:2   | Slain by a cane toad

Levels and vault maps discovered:
D:1:      nicolae_arrival_washed_ashore, layout_rooms, serial_shops, shop,
          chequers_hall_statues_corner_a, nicolae_titane
D:2:      layout_loops_corners, shapermc_ecumenical_altar_hornbeckon,
          basic_altar, uniq_robin, uniq_sigmund
D:3:      layout_rooms, uniq_ijyb, uniq_jessica
D:4:      layout_gridville, trog_three_pillars_becter, kennysheep_mini_moat,
          mainiacjoe_overflow_catwalk, nicolae_overflow_hallway_of_the_gods,
          serial_shops, shop_statue, shop, shop, uniq_duvessa
D:5:      layout_rooms, minmay_temple_entry_junction, serial_shops, shop,
          uniq_eustachio, uniq_menkaure, uniq_blork_the_orc
D:6:      layout_basic, kennysheep_little_box, portal_sewer_entry_b,
          uniq_prince_ribbit1, uniq_pikel
D:7:      layout_cave_pools
D:8:      layout_rooms, enter_bailey_6, uniq_erica, uniq_maggie
D:9:      layout_loops_ring, nicolae_uskayaw_dance_studio, serial_shops, shop,
          uniq_erolcha, uniq_amaemon
D:10:     layout_stronghold, nicolae_qazlal_general_emergency,
          minmay_lair_entry_grove, orc_0_dummy, ebering_ghost_rock_garden,
          glass_columns_a, minmay_shop_mayhem, minivault_15
Temple:   hellmonk_temple_divided_pantheon
Lair:1:   layout_cave_pods
Lair:2:   layout_misc_corridors, nicolae_spider_entry_non_spiders,
          small_statue_intersection, disabler_island

Skill      XL: |  1  2  3  4  5  6  7  8  9 10 11 12 |
---------------+-------------------------------------+-----
Axes           | 2 3 5 6 7 8 9 10 11 12 | 12.0
Fighting       | 4 5 7 8 9 10 | 10.0
Armour         | 4 5 6 8 9 |  9.9
Dodging        | 1 2 |  2.5
Throwing       | 2 3 |  3.0
Invocations    | 4 6 10 | 10.0
Shields        | 4 5 6 |  6.3

Action                   |  1- 3 |  4- 6 |  7- 9 | 10-12 || total
-------------------------+-------+-------+-------+-------++-------
Melee: War axe           |    87 |   162 |    30 |       ||   279
       Broad axe         |       |       |   296 |   549 ||   845
Throw: Boomerang         |       |    22 |    73 |    35 ||   130
       Javelin           |       |       |       |    15 ||    15
Invok: Heroism           |       |       |     9 |    30 ||    39
       Finesse           |       |       |       |     8 ||     8
  Use: Scroll            |     4 |     9 |     9 |     9 ||    31
       Potion            |       |     4 |     2 |     5 ||    11
 Stab: Petrified         |       |       |       |     3 ||     3
Armor: Scale mail        |    21 |       |       |       ||    21
       Plate armour      |    23 |    96 |   216 |   354 ||   689
Dodge: Dodged            |    37 |    37 |   169 |   336 ||   579
Block: Buckler           |    13 |    19 |    85 |   162 ||   279
       Reflection        |       |       |       |     2 ||     2

Table legend:
 A = Non-vault XP
 B = Vault XP
 C = Vault XP percentage of total XP
 D = Non-vault monster count
 E = Vault monster count
 F = Vault count percentage of total count
                 A         B        C        D         E       F
            +---------+---------+-------+---------+---------+-------
      Total |   20122 |    9084 |  31.1 |     218 |      88 |  28.8
            +---------+---------+-------+---------+---------+-------
        D:1 |      49 |       0 |   0.0 |      29 |       0 |   0.0
        D:2 |      71 |     257 |  78.4 |      22 |      10 |  31.2
        D:3 |      62 |      73 |  54.1 |      20 |       2 |   9.1
        D:4 |     313 |     216 |  40.8 |      22 |       2 |   8.3
        D:5 |     220 |     467 |  68.0 |      13 |       3 |  18.8
        D:6 |     969 |     934 |  49.1 |      25 |      10 |  28.6
        D:7 |    1141 |       0 |   0.0 |      14 |       0 |   0.0
        D:8 |    1027 |    1227 |  54.4 |      12 |       2 |  14.3
        D:9 |    1294 |    2141 |  62.3 |      10 |       8 |  44.4
       D:10 |    4246 |    2276 |  34.9 |      24 |      12 |  33.3
     Lair:1 |    8999 |       0 |   0.0 |      22 |       0 |   0.0
     Lair:2 |    1731 |    1248 |  41.9 |       5 |      11 |  68.8
      Sewer |       0 |     245 | 100.0 |       0 |      28 | 100.0
            +---------+---------+-------+---------+---------+-------
